 Dungeon Crawl Stone Soup version 0.21.1-1-g345015f (webtiles) character file.

4724 shakethe the Cleaver (level 10, -5/63 HPs)
             Began as a Gargoyle Fighter on Feb 14, 2018.
             Was a High Priest of Okawaru.
             Slain by a seven-headed hydra (9 damage)
             ... on level 8 of the Dungeon.
             The game lasted 00:19:23 (10586 turns).

shakethe the Cleaver (Gargoyle Fighter)            Turns: 10586, Time: 00:19:24

Health: -5/63      AC: 23    Str: 26    XL:     10   Next: 45%
Magic:  10/10      EV:  7    Int: 12    God:    Okawaru [*****.]
Gold:   409        SH:  0    Dex:  9    Spells: 9/9 levels left

rFire    . . .     SeeInvis +   O - +0 battleaxe (elec)
rCold    . . .     Gourm    .   (shield currently unavailable)
rNeg     + . .     Faith    .   K - +0 plate armour
rPois    ∞         Spirit   .   (no helmet)
rElec    +         Reflect  .   e - +2 cloak
rCorr    .         Harm     .   (no gloves)
MR       .....                  (no boots)
Stlth    ..........             (no amulet)
HPRegen  0.20/turn              A - ring of see invisible {sInv, !d}
MPRegen  0.12/turn              x - +6 ring of strength

@: no status effects
A: negative energy resistance 1, electricity resistance, unbreathing,
petrification resistance, rot immunity, AC +7
a: Heroism, Finesse, Renounce Religion


You were on level 8 of the Dungeon.
You worshipped Okawaru.
Okawaru was extremely pleased with you.
You were very hungry.

You visited 1 branch of the dungeon, and saw 8 of its levels.
You also visited: Sewer.

You collected 529 gold pieces.
You spent 120 gold pieces at shops.

Inventory:

Hand Weapons
 O - a +0 battleaxe of electrocution (weapon)
   (You took it off an orc warrior on level 8 of the Dungeon)
Missiles
 q - 2 throwing nets {=f, !d}
Armour
 e - a +2 cloak (worn)
   (You took it off Maurice on level 8 of the Dungeon)
 K - a +0 plate armour (worn)
   (You found it on level 7 of the Dungeon)
Jewellery
 g - a +3 amulet of reflection {unknown}
   (You found it on level 8 of the Dungeon)
 x - a +6 ring of strength (right hand)
   (You found it on level 4 of the Dungeon)
 A - a ring of see invisible (left hand) {sInv, !d}
   (You found it on level 5 of the Dungeon)
 E - the ring of Rabbag {Wiz rPois rF- Int+3 Dex+5}
   (You found it on level 5 of the Dungeon)

   [ring of wizardry]

   It improves your spell success rate.
   It affects your intelligence (+3).
   It affects your dexterity (+5).
   It makes you vulnerable to fire.
   It protects you from poison.
 G - an uncursed ring of magical power {unknown}
   (You found it on level 8 of the Dungeon)
 L - an uncursed amulet of guardian spirit {Spirit}
   (You found it on level 7 of the Dungeon)
 M - an uncursed ring of protection from magic {MR+, !d}
   (You found it on level 1 of the Dungeon)
Wands
 c - a wand of polymorph (15)
   (You found it on level 8 of the Dungeon)
 v - a wand of flame (38)
   (You found it on level 4 of the Dungeon)
 F - a wand of paralysis (15)
   (You found it on level 6 of the Dungeon)
 H - a wand of scattershot (11)
   (You found it on level 6 of the Dungeon)
 J - a wand of digging (19)
   (You found it on level 6 of the Dungeon)
Scrolls
 h - 5 scrolls of remove curse
 k - 2 scrolls of magic mapping {!r}
 l - a scroll of immolation {!r}
 m - 5 scrolls of identify
 n - a scroll of fear
 o - 10 scrolls of teleportation
 u - a scroll of amnesia
Potions
 a - a potion of lignification {unknown}
 b - a potion of brilliance {unknown}
 d - 2 potions of might
 i - 3 potions of heal wounds
 j - 4 potions of curing
 p - a potion of ambrosia
 r - 4 potions of flight
 s - a potion of mutation {unknown}
 C - 3 potions of haste {unknown}
 I - a potion of invisibility {unknown}
Books
 w - a book of Air
   (You found it on level 4 of the Dungeon)
 z - a book of Debilitation
   (You found it on level 5 of the Dungeon)
Comestibles
 f - 8 rations


   Skills:
 + Level 7.3 Fighting
 * Level 11.3 Axes
 + Level 7.4 Armour
   Level 3.2 Shields


You had 9 spell levels left.
You didn't know any spells.

Dungeon Overview and Level Annotations

Branches:
Dungeon (8/15)             Temple (0/1) D:5
   Lair: D:8-11

Altars:
Hepliaklqana
Kikubaaqudgha
Okawaru
Sif Muna
Wu Jian
Yredelemnul

Shops:
D:5 !   D:8 *


Innate Abilities, Weirdness & Mutations

You are resistant to torment.
Your stone body is resilient. (AC +7)
You are immune to poison.
You resist negative energy. (rN+)
You are resistant to electric shocks. (rElec)
You can survive without breathing.
You are immune to petrification.
You are immune to rotting.


Message History

You can now speed up your combat.
Okawaru will gift you equipment as you gain piety.
You closely miss the yak.
You lop one of the three-headed hydra's heads off!
The two-headed hydra grows two more!
You hit the four-headed hydra.
Lightning courses through the four-headed hydra!
The four-headed hydra bites you but does no damage.
The four-headed hydra barely misses you.
The four-headed hydra bites you but does no damage.
The four-headed hydra barely misses you.
The yak barely misses you.
The big kobold hits you but does no damage.
You barely miss the four-headed hydra. You hit the yak.
Lightning courses through the yak!
The four-headed hydra bites you but does no damage. x2
The four-headed hydra closely misses you.
The four-headed hydra barely misses you.
The yak gores you but does no damage.
The big kobold hits you but does no damage.
The yak barely misses you.
The four-headed hydra bites you but does no damage.
The four-headed hydra completely misses you.
The four-headed hydra bites you but does no damage. x2
You take 9 damage, and have 54/63 hp.
You hack one of the four-headed hydra's heads off!
The three-headed hydra grows two more!
You hit the five-headed hydra. You barely miss the yak. You slash the yak!
The yak gores you but does no damage. The yak gores you.
The five-headed hydra bites you but does no damage.
The five-headed hydra bites you.
The five-headed hydra barely misses you.
The five-headed hydra bites you but does no damage. x2
The big kobold barely misses you.
You take 9 damage, and have 45/63 hp.
You slice one of the five-headed hydra's heads off!
The four-headed hydra grows two more!
You slash the six-headed hydra! You hit the yak but do no damage.
You slash the yak! The yak barely misses you. x2
The six-headed hydra bites you but does no damage. x2
The six-headed hydra bites you.
The six-headed hydra bites you but does no damage.
The six-headed hydra bites you.
The six-headed hydra bites you but does no damage.
You take 5 damage, and have 40/63 hp.
You hack one of the six-headed hydra's heads off!
The five-headed hydra grows two more!
You slash the seven-headed hydra! You hit the yak.
Lightning courses through the yak! You hit the yak but do no damage.
The big kobold hits you but does no damage.
The yak closely misses you. The yak gores you but does no damage.
The seven-headed hydra bites you but does no damage.
The seven-headed hydra bites you. x2
The seven-headed hydra completely misses you.
The seven-headed hydra barely misses you.
The seven-headed hydra bites you but does no damage. x2
You take 9 damage, and have 31/63 hp.
You slash the yak!
You kill the yak!
Okawaru accepts your kill. The seven-headed hydra bites you!
The seven-headed hydra bites you.
The seven-headed hydra bites you but does no damage. x2
The seven-headed hydra bites you.
* * * LOW HITPOINT WARNING * * *
The seven-headed hydra bites you but does no damage.
The seven-headed hydra bites you.
* * * LOW HITPOINT WARNING * * *
You take 22 damage, and have 10/63 hp.
MASSIVE DAMAGE!!
There is an open door here.
You see here 7 poisoned needles.
A killer bee comes into view.
The killer bee buzzes angrily.
The killer bee barely misses you.
The killer bee stings you but does no damage.
You completely miss the killer bee.
The killer bee stings you but does no damage.
The killer bee barely misses you.
You barely miss the killer bee. You hit the seven-headed hydra.
The killer bee stings you.
* * * LOW HITPOINT WARNING * * *
The seven-headed hydra bites you but does no damage. x3
The seven-headed hydra bites you!
* * * LOW HITPOINT WARNING * * *
The seven-headed hydra barely misses you.
The seven-headed hydra bites you but does no damage. x2
The killer bee stings you but does no damage.
You take 12 damage, and have 5/63 hp.
You closely miss the killer bee. You hit the seven-headed hydra.
The killer bee stings you but does no damage.
The seven-headed hydra closely misses you.
The seven-headed hydra bites you but does no damage. x5
The seven-headed hydra barely misses you.
The killer bee completely misses you. The big kobold barely misses you.
You closely miss the killer bee. You hit the seven-headed hydra.
The killer bee stings you but does no damage. x2
The seven-headed hydra bites you but does no damage. x2
The seven-headed hydra bites you.
* * * LOW HITPOINT WARNING * * *
The seven-headed hydra bites you but does no damage. x3
The seven-headed hydra bites you!
You die...

### #.# #........# #.. #.#
#........# ##. #.########
#.##.##.## #. # #.##.....#
#.##....# ##' ## #.##.###.#
#.#####.# ##.. .## #....# #.# #.#
###.# ##... ..## ###..###.#
#.###.#.# ##....
...####.......####....>..###.....
...'......(..YKD@y.........'.....
...####........####.#...####.....
..## ##.#####.# #.##.## ##....
.## #.# #.# #.#### ##... ## #.#
#.# #.# ##.. # #.# #.# #.# ##'
#.#####.# #.####### #. #.......#
#.......# #. # ###.#####
#######.# ##.


You could see a seven-headed hydra, a yak, a big kobold and a killer bee.

Vanquished Creatures
  Maurice (D:8)
  2 dream sheep (D:8)
  A yak (D:8)
  A wyvern (D:8)
  Grum (D:8)
  Menkaure (D:7)
  A hungry ghost (D:7)
  Duvessa (D:5)
  2 orc warriors (D:8)
  4 ogres
  A necrophage (D:7)
  2 wolves (D:8)
  2 phantoms
  5 centaurs
  A bullfrog (D:8)
  Blork the orc (D:4)
  2 big kobolds (D:8)
  A gnoll sergeant (D:8)
  Dowan (D:5)
  A scorpion (D:5)
  2 killer bees
  2 howler monkeys (D:8)
  2 crimson imps
  3 hounds
  A bullfrog zombie (D:3)
  2 centaur zombies
  A jelly (D:5)
  6 orc priests
  4 orc wizards
  3 iguanas
  A merfolk siren (Sewer)
  A worker ant (D:8)
  Terence (D:3)
  A merfolk avatar (Sewer)
  A hound zombie (D:5)
  A hound skeleton (D:8)
  A worker ant zombie (D:7)
  16 gnolls
  4 river rats
  11 adders
  3 shadow imps (D:5)
  An ooze (D:2)
  3 adder zombies
  2 adder skeletons
  3 worms
  3 dart slugs
  7 leopard geckos
  28 orcs
  8 ball pythons
  7 bats
  12 giant cockroaches
  3 goblins
  4 hobgoblins
  7 jackals
  4 quokkas
  5 frilled lizards
  5 kobolds
  A leopard gecko skeleton (D:7)
  27 rats
229 creatures vanquished.

Vanquished Creatures (others)
  The ghost of Frank the Slasher, a novice OpFi of Gozag (D:5)
1 creature vanquished.

Grand Total: 230 creatures vanquished

Notes
Turn   | Place    | Note
-------+----------+-------------------------------------------
     0 | D:1      | shakethe the Gargoyle Fighter began the quest for the Orb.
     0 | D:1      | Reached XP level 1. HP: 14/14 MP: 1/1
    76 | D:1      | Reached skill level 2 in Axes
    84 | D:1      | Reached XP level 2. HP: 18/19 MP: 2/2
   331 | D:1      | Reached skill level 3 in Axes
   598 | D:2      | Reached XP level 3. HP: 23/23 MP: 3/3
  1024 | D:2      | HP: 1/23 [gnoll/halberd (5)]
  1398 | D:2      | Found an ancient bone altar of Kikubaaqudgha.
  1445 | D:2      | Reached XP level 4. HP: 28/28 MP: 4/4
  1686 | D:2      | Found an iron altar of Okawaru.
  1692 | D:2      | Reached skill level 4 in Axes
  1723 | D:2      | Became a worshipper of Warmaster Okawaru
  2088 | D:3      | Reached XP level 5. HP: 28/32 MP: 5/5
  2115 | D:3      | Found a glowing drain.
  2142 | Sewer    | Entered a sewer
  2348 | Sewer    | Reached skill level 5 in Axes
  2856 | Sewer    | Noticed a malarious merfolk avatar
  2868 | Sewer    | Reached XP level 6. HP: 37/37 MP: 6/6
  3127 | D:3      | Noticed Terence
  3132 | D:3      | Killed Terence
  3139 | D:3      | Reached skill level 6 in Axes
  3462 | D:3      | HP: 7/37 [orc wizard/magic dart (5)]
  3464 | D:3      | HP: 2/37 [orc wizard/magic dart (5)]
  4201 | D:4      | Reached * piety under Okawaru
  4201 | D:4      | Reached XP level 7. HP: 36/41 MP: 7/7
  4717 | D:4      | Noticed Blork the orc
  4746 | D:4      | Killed Blork the orc
  4746 | D:4      | Reached skill level 7 in Axes
  4995 | D:5      | Entered Level 5 of the Dungeon
  5081 | D:5      | Noticed Duvessa
  5083 | D:5      | Noticed Dowan
  5096 | D:5      | Killed Duvessa
  5104 | D:5      | Killed Dowan
  5192 | D:5      | Found Ginureur's Distillery.
  5217 | D:5      | Reached skill level 8 in Axes
  5223 | D:5      | Reached XP level 8. HP: 22/46 MP: 8/8
  5236 | D:5      | Bought a potion of might for 48 gold pieces
  5236 | D:5      | Bought a potion of degeneration for 12 gold pieces
  5236 | D:5      | Bought a potion of heal wounds for 60 gold pieces
  5596 | D:5      | Reached ** piety under Okawaru
  5919 | D:5      | Killed Frank's ghost
  6019 | D:5      | Got a pitted turquoise ring
  6079 | D:5      | HP: 11/48 [ogre/giant spiked club (11)]
  6081 | D:5      | Reached skill level 4 in Fighting
  6081 | D:5      | Reached skill level 9 in Axes
  6081 | D:5      | Reached skill level 4 in Armour
  6414 | D:5      | Found a staircase to the Ecumenical Temple.
  6690 | D:1      | Identified the ring of Rabbag {Wiz rPois rF- Int+3 Dex+5} (You found it on level 5 of the Dungeon)
  7368 | D:6      | Found a basalt altar of Yredelemnul.
  7375 | D:6      | Found a deep blue altar of Sif Muna.
  7376 | D:6      | Found a hazy altar of Hepliaklqana.
  7377 | D:6      | Found an ornate altar of the Wu Jian Council.
  7791 | D:7      | Found an iron altar of Okawaru.
  7818 | D:7      | Reached XP level 9. HP: 52/52 MP: 9/9
  7868 | D:7      | Noticed Menkaure
  7880 | D:7      | Killed Menkaure
  7880 | D:7      | Reached skill level 5 in Fighting
  7880 | D:7      | Reached skill level 5 in Armour
  8028 | D:6      | HP: 8/54 [orc warrior/dire flail (11)]
  8037 | D:6      | HP: 1/54 [orc warrior/dire flail (9)]
  8478 | D:7      | Reached *** piety under Okawaru
  8824 | D:8      | Reached skill level 10 in Axes
  8973 | D:8      | Noticed Maurice
  8975 | D:8      | Paralysed by Maurice for 2 turns
  8984 | D:8      | Paralysed by Maurice for 7 turns
  9001 | D:8      | Paralysed by Maurice for 7 turns
  9014 | D:8      | Killed Maurice
  9014 | D:8      | Reached skill level 6 in Fighting
  9014 | D:8      | Reached skill level 6 in Armour
  9189 | D:8      | Noticed Grum
  9252 | D:8      | HP: 13/55 [killer bee (4)]
  9264 | D:7      | HP: 13/55 [killer bee (2)]
  9275 | D:7      | HP: 8/55 [killer bee (2)]
  9585 | D:8      | Killed Grum
  9585 | D:8      | Reached XP level 10. HP: 46/61 MP: 7/10
  9765 | D:8      | Reached **** piety under Okawaru
  9829 | D:8      | Reached skill level 11 in Axes
 10112 | D:8      | Found Ucwol's Serpentskin Sales.
 10170 | D:8      | Reached skill level 7 in Fighting
 10170 | D:8      | Reached skill level 7 in Armour
 10537 | D:8      | Noticed a two-headed hydra
 10544 | D:8      | Reached ***** piety under Okawaru
 10550 | D:8      | HP: 14/63 [seven-headed hydra (6)]
 10584 | D:8      | HP: 14/63 [killer bee (3)]
 10584 | D:8      | HP: 5/63 [seven-headed hydra (9)]
 10586 | D:8      | Slain by a seven-headed hydra

Skill      XL: |  1  2  3  4  5  6  7  8  9 10 |
---------------+-------------------------------+-----
Axes           | 2 3 4 5 6 8 9 10 11 | 11.3
Fighting       | 4 6 7 |  7.3
Armour         | 4 6 7 |  7.4
Shields        | |  3.2

Action                   |  1- 3 |  4- 6 |  7- 9 | 10-12 || total
-------------------------+-------+-------+-------+-------++-------
Melee: War axe           |    89 |   283 |   559 |    69 ||  1000
       Battleaxe         |       |       |       |    38 ||    38
Invok: Heroism           |       |       |     1 |       ||     1
  Use: Scroll            |       |       |     8 |     7 ||    15
       Potion            |       |       |     1 |       ||     1
  Eat: Chunk             |       |     6 |    10 |       ||    16
       Ration            |       |     2 |     5 |     1 ||     8
Armor: Scale mail        |    59 |   141 |    93 |       ||   293
       Plate armour      |       |       |   259 |   100 ||   359
Dodge: Dodged            |    38 |    80 |   118 |    44 ||   280
Block: Shield            |    62 |   122 |   290 |    26 ||   500

Vault maps used:
D:1:      dpeg_arrival_signposts
D:2:      lemuel_round_altar, first_ration, okawaru_ov_weapons_minmay
D:3:      cheibrodos_pilgrimage, portal_sewer_entry_c, minmay_misc_feat_plants,
          minmay_misc_feat_more_columns, uniq_terence
D:4:      minmay_unequal, uniq_blork_the_orc
D:5:      lemuel_temple_firewalk_b, serial_shops, nicolae_shop_crystal,
          minmay_joined_circles, uniq_duvessa
D:6:      minitemple
D:7:      basic_altar, uniq_menkaure
D:8:      lemuel_coloured_pillars_altar, hangedman_ranch, guppyfry_shop_venom,
          uniq_grum, uniq_maurice
Sewer:    sewer_sea

Table legend:
 A = Turns spent in this place as a percentage of turns spent in the entire game.
 B = Non-inter-level travel turns spent in this place as a percentage of non-inter-level travel turns spent in the entire game.
 C = Inter-level travel turns spent in this place as a percentage of turns spent in this place.
 D = Turns resting spent in this place as a percentage of non-inter-level travel turns spent in this place.
 E = Turns spent auto-exploring this place as a percentage of non-inter-level travel turns spent in this place.
 F = Non-inter-level travel turns spent in this place divided by the number of levels of this place that you've seen.
                   A       B       C       D       E      F
               +-------+-------+-------+-------+-------+----------------------
         Total | 100.0 | 100.0 |   1.7 |  26.8 |  45.2 | 1156.4
       Dungeon |  90.9 |  90.7 |   1.9 |  24.8 |  47.4 | 1180.4
         Sewer |   9.1 |   9.3 |   0.0 |  46.7 |  23.3 | 965.0
               +-------+-------+-------+-------+-------+----------------------

Table legend:
 A = Kills in this place as a percentage of kills in entire the game.
 B = Kills by you in this place as a percentage of kills by you in the entire game.
 C = Kills by friends in this place as a percentage of kills by friends in the entire game.
 D = Other kills in this place as a percentage of other kills in the entire game.
 E = Experience gained in this place as a percentage of experience gained in the entire game.
 F = Experience gained in this place divided by the number of levels of this place that you have seen.
                   A       B       C       D       E      F
               +-------+-------+-------+-------+-------+----------------------
         Total | 100.0 | 100.0 |   N/A |   N/A | 100.0 | 749.9
       Dungeon |  83.0 |  83.0 |   N/A |   N/A |  97.6 | 823.5
         Sewer |  17.0 |  17.0 |   N/A |   N/A |   2.4 | 161.0
               +-------+-------+-------+-------+-------+----------------------
